Map: 2000 Atmospheres LE

Players

ShaDoWn - Winner!

  • Race: Protoss Protoss

Hellraiser

  • Race: Protoss Protoss

Event: DreamHack SC2 Masters 2021 Fall

VOD

Have the link to the VOD?

Description

Time

  • Played on: Aug. 1, 2021, 2:40 p.m.
  • Length: 13:40

All games in this series

Show
View Real Time Build Order
Export as new Build Order

ShaDoWn Protoss - Winner!

Build Orders:  

Get SALT Encoding   

  12  0:00  Probe  
  13  0:12  Probe  
  14  0:16  Pylon  
  14  0:24  Probe  
  15  0:36  Gateway, Probe (Chrono Boost)  
  16  0:46  Assimilator, Probe (Chrono Boost)  
  17  0:51  Probe (Chrono Boost)  
  17  0:54  Assimilator  
  18  1:03  Probe (Chrono Boost)  
  19  1:08  Gateway  
  19  1:13  Probe (Chrono Boost)  
  19  1:18  Probe (Chrono Boost)  
  20  1:24  Cybernetics Core  
  21  1:29  Probe  
  22  1:35  Pylon  
  22  1:41  Probe  
  23  1:53  Probe  
  24  1:58  Warp Gate (Chrono Boost)  
  24  2:00  Stalker  
  26  2:01  Stalker  
  28  2:12  Pylon  
  28  2:30  Stalker  
  28  2:31  Pylon, Stalker  
  32  2:53  Nexus  
  32  3:03  Stalker (Chrono Boost)  
  34  3:07  Stalker (Chrono Boost)  
  36  3:13  Probe  
  37  3:21  Pylon  
  37  3:26  Shield Battery  
  37  3:27  Probe  
  39  3:42  Stalker  
  39  3:44  Stalker  
  39  3:48  Probe  
  43  4:00  Probe  
  44  4:06  Pylon  
  44  4:09  Stalker  
  46  4:10  Adept  
  46  4:12  Probe  
  46  4:16  Probe  
  50  4:24  Robotics Facility, Probe  
  50  4:29  Probe (Chrono Boost)  
  52  4:34  Sentry  
  54  4:41  Sentry, Probe x2 (Chrono Boost)  
  57  4:48  Probe (Chrono Boost)  
  57  4:51  Probe (Chrono Boost)  
  58  4:55  Probe  
  59  5:01  Probe  
  59  5:06  Pylon  
  60  5:07  Probe  
  60  5:11  Observer  
  60  5:12  Pylon  
  62  5:20  Shield Battery  
  62  5:24  Probe x2  
  62  5:26  Twilight Council  
  64  5:31  Forge  
  64  5:32  Immortal (Chrono Boost)  
  68  5:36  Probe  
  68  5:39  Pylon  
  68  5:42  Stalker  
  71  5:44  Stalker  
  73  5:50  Pylon  
  73  6:01  Gateway, Immortal (Chrono Boost)  
  73  6:02  Gateway  
  77  6:11  Stalker x2  
  81  6:12  Probe x2  
  83  6:20  Pylon  
  83  6:21  Pylon  
  83  6:26  Assimilator  
  83  6:34  Pylon, Blink (Chrono Boost)  
  83  6:35  Pylon  
  83  6:55  Nexus  
  83  6:58  Pylon  
  83  6:59  Stalker x2  
  79  7:06  Observer  
  79  7:07  Probe  
  79  7:08  Probe  
  81  7:19  Probe  
  81  7:21  Warp Prism  
  84  7:23  Stalker x3  
  84  7:26  Stalker  
  92  7:30  Probe  
  92  7:34  Probe  
  95  7:44  Forge  
  95  7:47  Stalker x3  
  100  7:54  Stalker  
  102  7:59  Pylon  
  102  8:03  Probe x2  
  104  8:14  Stalker x3  
  104  8:15  Probe  
  104  8:18  Pylon  
  104  8:19  Photon Cannon  
  111  8:24  Stalker  
  111  8:25  Probe x2  
  115  8:30  Probe  
  116  8:43  Stalker x3  
  116  8:45  Probe  
  116  8:47  Assimilator x2  
  123  8:54  Protoss Ground Weapons Level 1 (Chrono Boost)  
  123  8:58  Stalker  
  123  9:00  Probe  
  124  9:05  Charge (Chrono Boost)  
  124  9:06  Probe  
  124  9:08  Probe  
  125  9:14  Photon Cannon  
  125  9:18  Probe  
  125  9:22  Zealot x2  
  125  9:23  Zealot x2  
  134  9:31  Gateway  
  134  9:32  Gateway  
  134  9:44  Stalker x4  
  142  9:52  Observer  
  138  10:09  Probe  
  139  10:19  Robotics Facility  
  139  10:20  Zealot, Robotics Bay  
  139  10:21  Zealot x3  
  146  10:24  Nexus  
  146  10:27  Probe  
  147  10:29  Pylon  
  147  10:30  Zealot  
  147  10:34  Pylon  
  147  10:35  Pylon  
  149  10:36  Pylon  
  149  10:45  Observer  
  149  10:47  Protoss Ground Weapons Level 2 (Chrono Boost)  
  148  10:57  Gateway  
  148  11:01  Gateway  
  148  11:02  Probe x2  
  150  11:04  Gateway, Zealot x2  
  150  11:05  Zealot x4  
  150  11:09  Disruptor x2  
  166  11:14  Probe  
  166  11:17  Probe  
  138  11:26  Zealot x4  
  140  11:38  Zealot x2  
  128  11:45  Disruptor (Chrono Boost)  
  128  11:47  Disruptor (Chrono Boost)  
  128  11:53  Zealot x5  
  121  11:54  Probe  
  121  11:55  Probe x2  
  121  11:58  Observer  
  123  12:03  Zealot  
  123  12:04  Zealot x3  
  131  12:14  Photon Cannon  
  131  12:15  Stalker x4  
  137  12:20  Disruptor (Chrono Boost)  
  137  12:22  Observer (Chrono Boost)  
  143  12:25  Probe  
  143  12:26  Probe  
  143  12:27  Probe  
  145  12:30  Photon Cannon  
  145  12:33  Shield Battery  
  145  12:36  Zealot  
  145  12:37  Zealot x4  
  155  12:48  Zealot x4  
  164  12:57  Observer (Chrono Boost)  
  162  13:08  Probe  
  145  13:14  Probe  
  145  13:16  Zealot x9  
  151  13:21  Probe  
  129  13:36  Stalker  
Show
View Real Time Build Order
Export as new Build Order

Hellraiser Protoss 

Build Orders:  

Get SALT Encoding   

  12  0:00  Probe  
  13  0:12  Probe  
  14  0:17  Pylon  
  14  0:24  Probe (Chrono Boost)  
  15  0:36  Probe (Chrono Boost)  
  15  0:37  Gateway  
  16  0:45  Assimilator, Probe (Chrono Boost)  
  17  0:50  Probe  
  17  0:54  Assimilator  
  18  1:03  Probe (Chrono Boost)  
  19  1:07  Gateway  
  19  1:13  Probe (Chrono Boost)  
  19  1:18  Probe (Chrono Boost)  
  20  1:25  Cybernetics Core  
  21  1:29  Probe  
  22  1:38  Pylon  
  22  1:41  Probe  
  23  1:56  Probe  
  23  1:59  Warp Gate (Chrono Boost)  
  24  2:01  Adept  
  24  2:02  Adept  
  28  2:11  Pylon  
  28  2:27  Probe  
  29  2:31  Adept  
  29  2:32  Adept  
  33  2:53  Nexus  
  33  3:01  Adept  
  33  3:02  Adept  
  37  3:12  Pylon  
  37  3:16  Shield Battery  
  37  3:19  Probe  
  38  3:40  Adept  
  38  3:41  Adept  
  43  3:42  Robotics Facility  
  42  3:49  Pylon  
  40  3:59  Probe  
  40  4:00  Pylon  
  37  4:06  Pylon, Sentry x2  
  41  4:11  Probe  
  42  4:27  Immortal (Chrono Boost)  
  46  4:33  Gateway  
  46  4:34  Probe (Chrono Boost)  
  44  4:41  Robotics Bay  
  44  4:43  Probe  
  45  4:59  Observer (Chrono Boost)  
  47  5:01  Pylon  
  45  5:14  Warp Prism (Chrono Boost)  
  47  5:22  Stalker x2  
  50  5:39  Nexus  
  50  5:47  Disruptor  
  51  5:53  Probe  
  52  6:00  Gravitic Drive  
  52  6:03  Pylon  
  52  6:05  Probe  
  53  6:17  Pylon, Probe  
  54  6:27  Twilight Council  
  54  6:29  Probe  
  54  6:41  Probe (Chrono Boost)  
  54  6:46  Stalker  
  54  6:47  Stalker  
  59  6:52  Observer  
  59  6:54  Probe (Chrono Boost)  
  62  6:57  Probe (Chrono Boost)  
  63  7:02  Probe (Chrono Boost)  
  63  7:04  Blink  
  63  7:05  Probe (Chrono Boost)  
  64  7:11  Probe x2 (Chrono Boost)  
  66  7:18  Forge  
  66  7:20  Probe x2  
  68  7:30  Stalker  
  68  7:31  Immortal (Chrono Boost)  
  68  7:32  Probe x2  
  68  7:36  Assimilator  
  76  7:43  Assimilator  
  76  7:48  Protoss Ground Weapons Level 1 (Chrono Boost)  
  76  7:49  Probe  
  77  7:55  Shield Battery  
  77  7:57  Stalker x2  
  81  8:01  Stalker  
  83  8:15  Nexus  
  83  8:19  Probe x2  
  85  8:23  Pylon  
  85  8:28  Dark Shrine  
  86  8:40  Pylon  
  86  8:44  Gateway  
  85  8:50  Probe  
  83  8:56  Stalker  
  83  8:57  Stalker x2  
  83  9:00  Pylon  
  83  9:01  Robotics Facility  
  89  9:04  Disruptor (Chrono Boost)  
  90  9:20  Nexus  
  90  9:23  Pylon  
  90  9:33  Disruptor (Chrono Boost)  
  93  9:39  Stalker x3  
  93  9:40  Stalker  
  101  9:52  Pylon  
  101  10:00  Probe  
  101  10:07  Disruptor (Chrono Boost)  
  107  10:17  Disruptor (Chrono Boost)  
  107  10:26  Pylon, Nexus  
  107  10:27  Probe x2  
  109  10:35  Shield Battery  
  109  10:41  Pylon  
  109  10:43  Pylon  
  109  10:44  Disruptor (Chrono Boost)  
  110  10:58  Pylon  
  110  10:59  Stalker x2  
  110  11:01  Stalker x2  
  110  11:03  Disruptor (Chrono Boost)  
  121  11:08  Probe  
  121  11:09  Probe  
  119  11:20  Probe  
  119  11:21  Probe  
  119  11:23  Stalker  
  119  11:24  Stalker  
  125  11:32  Probe  
  120  11:33  Probe  
  120  11:38  Stalker x2  
  108  11:40  Probe  
  108  11:44  Probe  
  108  11:45  Probe  
  108  11:50  Disruptor (Chrono Boost)  
  108  11:52  Disruptor (Chrono Boost), Probe  
  110  11:56  Probe  
  110  11:57  Probe  
  112  12:04  Probe  
  112  12:06  Shield Battery  
  113  12:09  Probe  
  113  12:10  Dark Templar x2  
  113  12:11  Stalker  
  113  12:12  Stalker  
  122  12:20  Assimilator  
  122  12:22  Assimilator, Probe  
  123  12:30  Disruptor (Chrono Boost), Probe x2  
  123  12:32  Shield Battery  
  128  12:45  Stalker x4  
  128  12:47  Photon Cannon  
  136  12:54  Gateway  
  136  12:58  Probe x2  
  138  13:04  Probe  
  128  13:10  Probe x2  
  123  13:16  Probe  
  123  13:17  Stalker  
  122  13:20  Stalker  
  122  13:21  Stalker x2  
  122  13:22  Probe x2  

Tags
 
Add a new tag
Caveats
  • Supply blocks, unpowered buildings, or Contaminate may cause inaccurate times.
  • Supply counts are checked every 10 seconds.